 Dungeon Crawl Stone Soup version 0.23-a0-516-g0f8c245 (webtiles) character file.

61 galech the Covered (level 3, -2/29 HPs)
             Began as a Demonspawn Fighter on Dec 5, 2018.
             Slain by a worm (4 damage)
             ... on level 2 of the Dungeon.
             The game lasted 00:01:23 (1459 turns).

galech the Covered (Demonspawn Fighter)             Turns: 1459, Time: 00:01:24

Health: -2/29      AC:  9    Str: 16    XL:     3   Next: 83%
Magic:  3/3        EV:  4    Int:  9    God:
Gold:   92         SH:  9    Dex: 13    Spells: 2/2 levels left

rFire    . . .     SeeInvis .   a - +0 war axe
rCold    + . .     Gourm    .   c - +0 shield
rNeg     . . .     Faith    .   j - +0 chain mail
rPois    .         Spirit   .   (no helmet)
rElec    .         Reflect  .   (no cloak)
rCorr    .         Harm     .   (no gloves)
MR       .....                  (no boots)
Stlth    ..........             (no amulet)
HPRegen  0.09/turn              (no ring)
MPRegen  0.08/turn              (no ring)

@: drained
A: cold resistance 1, freezing cloud immunity
a: no special abilities


You were on level 2 of the Dungeon.
You were not hungry.

You visited 1 branch of the dungeon, and saw 2 of its levels.

You collected 92 gold pieces.

Inventory:

Hand Weapons
 a - a +0 war axe (weapon)
Armour
 b - a +0 scale mail
 c - a +0 shield (worn)
 j - a +0 chain mail (worn)
Scrolls
 h - 2 scrolls of identify {unknown}
 i - a scroll of remove curse {unknown}
 k - a scroll of immolation {unknown}
Potions
 d - a potion of might
 e - 3 potions of curing
 l - a potion of heal wounds {unknown}
Comestibles
 f - 3 rations


   Skills:
 + Level 3.3(3.2) Fighting
 + Level 2.5 Axes
 + Level 3.3 Armour
 + Level 0.2 Dodging
 + Level 3.0 Shields


You had 2 spell levels left.
You didn't know any spells.
Your spell library was empty.

Dungeon Overview and Level Annotations

Branches:
Dungeon (2/15)

Altars:
Trog


Innate Abilities, Weirdness & Mutations

Your flesh is cold resistant. (rC+)
You are immune to freezing clouds.


Message History

You are too injured to fight recklessly!
Your chain mail prevents you from hitting the gnoll.
The gnoll is moderately wounded.
Your shield and chain mail prevent you from hitting the worm.
The gnoll hits you but does no damage. The worm bites you.
* * * LOW HITPOINT WARNING * * *
You hit the gnoll.
The gnoll is severely wounded.
You hit the worm.
The gnoll drinks a potion.
The gnoll is healed!
The worm bites you but does no damage.
You hit the gnoll.
The gnoll is lightly wounded.
Your chain mail prevents you from hitting the worm.
The gnoll hits you with a +0 flail.
* * * LOW HITPOINT WARNING * * *
The worm bites you but does no damage. You block the gnoll's attack.
You closely miss the gnoll.
The gnoll is lightly wounded.
You hit the worm. The gnoll closely misses you. The worm bites you.
You die...

#.##...#..
.#####.#......#
#.............#
###.#######...####
#.... ...###.(# #.#.#
#..# ##.# #.#.# #..#
##'## #w#.###..###...##
#@#..##..##.....##
#g#..##..#.......#
######...<##.......)...
.......................
#######...####.........
##..# ##.......#
#####.# ##.....##
##...#.# ##...##
#.###..## ##+##


You could see a worm and a gnoll.

Vanquished Creatures
  2 gnolls
  An ooze (D:2)
  A worm (D:1)
  2 dart slugs (D:1)
  A leopard gecko (D:1)
  A giant cockroach (D:2)
  2 hobgoblins (D:1)
  4 jackals (D:1)
  A quokka (D:2)
  4 bats
  2 frilled lizards (D:2)
  6 goblins
  3 kobolds
  2 rats
32 creatures vanquished.

Notes
Turn   | Place    | Note
-------+----------+-------------------------------------------
     0 | D:1      | galech the Demonspawn Fighter began the quest for the Orb.
     0 | D:1      | Reached XP level 1. HP: 18/18 MP: 1/1
    78 | D:1      | Gained mutation: Your flesh is cold resistant. (rC+)
                  | [demonic ancestry]
    78 | D:1      | Reached XP level 2. HP: 14/24 MP: 2/2
   795 | D:2      | Gained mutation: You are immune to freezing clouds.
                  | [demonic ancestry]
   795 | D:2      | Reached XP level 3. HP: 26/29 MP: 3/3
   875 | D:2      | Found a bloodstained altar of Trog.
  1459 | D:2      | Slain by a worm

Vault maps used:
D:1:      evilmike_arrival_run_for_it
D:2:      bloody_trog

Skill      XL: |  1  2  3 |
---------------+----------+-----
Armour         | 3 |  3.3
Axes           | 2 |  2.5
Shields        | 3 |  3.0
Fighting       | |  3.3
Dodging        | |  0.2

Action                   || total
-------------------------++-------
Melee: War axe           ||   144
  Eat: Chunk             ||     2
Armor: Scale mail        ||    40
       Chain mail        ||    65
Dodge: Dodged            ||    37
Block: Shield            ||    83

Table legend:
 A = Non-vault XP
 B = Vault XP
 C = Vault XP percentage of total XP
 D = Non-vault monster count
 E = Vault monster count
 F = Vault count percentage of total count
                 A         B        C        D         E       F
            +---------+---------+-------+---------+---------+-------
      Total |      83 |       5 |   5.7 |      31 |       1 |   3.1
            +---------+---------+-------+---------+---------+-------
        D:1 |      46 |       5 |   9.8 |      17 |       1 |   5.6
        D:2 |      37 |       0 |   0.0 |      14 |       0 |   0.0
            +---------+---------+-------+---------+---------+-------
